← All builds
Suicide front / Armada / Factory first / OBSERVED BUILD

Standard suicide front

Armada Suicide front build order · Supreme Isthmus

The role's baseline: Bot Lab at 0:21 then straight into reclaim-fed T1 bot production to contest the middle and hold until T2 arrives, with an Advanced Metal Extractor around 9:45.

#rush · 2007 distinct matches · 229 players · 72% of Armada Suicide front games · team won 59% of 2381 · Recently observed

HOW TO PLAY IT

Key timing: Bot Lab by 0:20

  1. Open with mex and lab-first to get Bot Lab up by 0:20.
  2. Expand mex and wind while lab pumps units toward middle.
  3. Push Sentry and early Rocketeer, Centurion to contest middle.
  4. Get T2 constructor out once Pond's boost lets you spare metal.
  5. Upgrade mex to Advanced Metal Extractor as you transition off T1 spam.

Phase by phase

TYPICAL OF ITS 2007 GAMES
  1. 1
  2. 2
  3. 3
PLAY THE OPENING

Follow the example game's first 6:00 step by step: what to build now, what comes next, and where it goes. At 1× it keeps pace with your own game.

  1. 1

    Bot Lab first

    Order
    1. Bot LabBot Lab done ~0:21, middle half 0:20–0:33

    Some games also: mex (44%)

  2. 2

    Bot Lab to 5:00

    Economy
    • Metal Extractor5Mex
    • Wind Turbine4Wind
    Builders
    • Construction Bot3 Con bot
    • Lazarus2 Lazarus
    Army
    • Sentry4 Sentry
    • Rocketeer16 Rocketeer
    • Tick2 Tick
    • Centurion1 Centurion
    Other
    • Radar Tower1 Radar Tower

    Some games also: pawn (38%) · con turret (34%)

    By 5:00 in all: 5 mex · 4 wind

    The example game in this phase · 31 steps
    1. TickTick ×5
    2. LazarusLazarus ×2
    3. PawnPawn ×5
    4. LazarusLazarus
    5. Construction BotCon bot ×2
    6. CenturionCenturion
    7. Mex ×2
    8. CenturionCenturion
    9. RocketeerRocketeer
    10. Mex
    11. RocketeerRocketeer
    12. Mex
    13. RocketeerRocketeer
    14. Radar TowerRadar Tower
    15. PawnPawn
    16. RocketeerRocketeer ×2
    17. SentrySentry
    18. Wind
    19. RocketeerRocketeer
    20. SentrySentry
    21. RocketeerRocketeer
    22. Wind
    23. Construction BotCon bot
    24. SentrySentry
    25. Wind
    26. RocketeerRocketeer ×3
    27. Wind
    28. LazarusLazarus
    29. Construction BotCon bot
    30. Wind
    31. SentrySentry
  3. 3

    5:00 to 10:00

    Economy
    • Metal Extractor1Mex
    • Wind Turbine15Wind
    Builders
    • Construction Turret2 Con turret
    • Lazarus2 Lazarus
    • Construction Bot1 Con bot
    Army
    • Sentry1 Sentry
    • Rocketeer8 Rocketeer

    Some games also: pawn (49%) · Radar Tower (46%) · tick (45%) · centurion (44%) · energy storage (43%) · eat Bot Lab (31%)

    By 10:00 in all: 6 mex · 21 wind · 1 energy storage · 2 con turret

    The example game in this phase · 181 steps
    1. CenturionCenturion
    2. Wind
    3. CenturionCenturion
    4. Wind
    5. RocketeerRocketeer
    6. Con turret
    7. RocketeerRocketeer
    8. Wind
    9. RocketeerRocketeer ×2
    10. Wind
    11. Energy storage
    12. RocketeerRocketeer
    13. Mex
    14. Con turret
    15. Wind
    16. RocketeerRocketeer
    17. SentrySentry ×2
    18. RocketeerRocketeer
    19. Wind
    20. OverwatchOverwatch
    21. RocketeerRocketeer ×2
    22. Wind
    23. RocketeerRocketeer
    24. LazarusLazarus
    25. Wind
    26. Construction BotCon bot
    27. BeholderBeholder ×2
    28. LazarusLazarus
    29. CrossbowCrossbow
    30. Wind
    31. TickTick ×2
    32. Advanced Metal ExtractorT2 mexdone 8:21 · typical 9:46
    33. Dragon's TeethDragon's Teeth
    34. TickTick
    35. Dragon's TeethDragon's Teeth ×2
    36. TickTick
    37. Dragon's TeethDragon's Teeth
    38. Wind
    39. TickTick
    40. Dragon's TeethDragon's Teeth ×2
    41. Solar
    42. Construction BotCon bot
    43. Dragon's TeethDragon's Teeth
    44. Wind
    45. Dragon's TeethDragon's Teeth ×2
    46. BeholderBeholder
    47. Solar
    48. BeholderBeholder
    49. Wind
    50. Construction BotCon bot
    51. NettleNettle
    52. Wind ×2
    53. TickTick ×2
    54. Advanced Metal ExtractorT2 mex
    55. TickTick ×2
    56. NettleNettle
    57. Wind ×2
    58. TickTick ×3
    59. Wind ×2
    60. TickTick ×4
    61. Wind ×2
    62. TickTick
    63. Construction BotCon bot
    64. Con turret
    65. Advanced Metal ExtractorT2 mex
    66. Construction BotCon bot
    67. Wind ×4
    68. Advanced Metal ExtractorT2 mex
    69. Construction BotCon bot
    70. Con turret
    71. Wind ×2
    72. TickTick
    73. Wind
    74. TickTick
    75. Con turret
    76. Bot LabEat Bot Labreclaimed for its metal
    77. Wind
    78. Sneaky PeteSneaky Pete
    79. Wind ×5
    80. Sneaky PeteSneaky Pete
    81. Wind ×2
    82. Bot LabBot Labdone 10:48
    83. Wind ×3
    84. Construction BotCon bot
    85. Con turret
    86. Advanced Metal ExtractorT2 mex
    87. Wind
    88. Con turret
    89. NettleNettle
    90. Wind
    91. Con turret
    92. Wind
    93. Con turret
    94. Construction BotCon bot
    95. Wind ×2
    96. Construction BotCon bot
    97. Con turret
    98. Construction BotCon bot
    99. Wind
    100. Construction BotCon bot
    101. Wind
    102. Con turret
    103. Wind ×2
    104. RattlesnakeRattlesnakedone 12:26
    105. Wind ×10
    106. TickTick ×6
    107. Metal storage
    108. Dragon's TeethDragon's Teeth
    109. TickTick
    110. Wind ×2
    111. Dragon's TeethDragon's Teeth ×3
    112. TickTick
    113. Dragon's TeethDragon's Teeth
    114. TickTick ×2
    115. Dragon's TeethDragon's Teeth ×2
    116. TickTick
    117. Dragon's TeethDragon's Teeth ×2
    118. TickTick
    119. Dragon's TeethDragon's Teeth ×2
    120. TickTick
    121. Wind ×2
    122. TickTick ×7
    123. Wind
    124. TickTick
    125. Wind
    126. TickTick ×6
    127. Wind
    128. TickTick
    129. Wind
    130. TickTick ×3
    131. LazarusLazarus
    132. Wind
    133. LazarusLazarus
    134. Wind
    135. LazarusLazarus
    136. Con turret
    137. LazarusLazarus
    138. Wind
    139. LazarusLazarus
    140. Wind
    141. LazarusLazarus
    142. Wind
    143. LazarusLazarus
    144. Wind
    145. Con turret
    146. LazarusLazarus ×2
    147. Sneaky PeteSneaky Pete
    148. Wind
    149. LazarusLazarus
    150. Wind
    151. Con turret
    152. Wind
    153. LazarusLazarus
    154. TickTick
    155. Wind
    156. TickTick
    157. RattlesnakeRattlesnake
    158. Con turret
    159. TickTick
    160. Con turret
    161. TickTick ×3
    162. Wind
    163. TickTick ×2
    164. Con turret
    165. TickTick
    166. Wind
    167. TickTick ×3
    168. Wind
    169. TickTick ×3
    170. Con turret
    171. Wind
    172. TickTick
    173. Advanced Bot LabAdvanced Bot Labnot finished by 15:00
    174. TickTick ×2
    175. Wind
    176. TickTick ×2
    177. NettleNettle
    178. TickTick ×3
    179. Wind
    180. NettleNettle
    181. TickTick

Counts are medians over the build's games: half of them build more, half fewer. The example game is Ihatesea's (30 OS, 07/10/2026); pick another.

Team trades

IN AT LEAST 30% OF ITS GAMES

You hand over

Nothing regular.

You get

  • Tidal Generator4 Tidal from Pondfirst at 0:10 · in 68% of games
  • Advanced Construction Bot1 T2 con bot from Geo or Techfirst at 7:41 · in 57% of games

How it plays out

Typical game of this build, running totals by minute

Metal produced

010k20k
0:005:0010:0015:00

metal

Enemy metal destroyed

05k10k
0:005:0010:0015:00

metal

Own metal lost

05k10k
0:005:0010:0015:00

metal

2381 games.

Show as table
ByMetal produced: This buildEnemy metal destroyed: This buildOwn metal lost: This build
1:0023000
2:0088700
3:002009184130
4:003110645502
5:00418513571001
6:00534921831713
7:00653930512597
8:00776039383502
9:00904546934382
10:001041853145176
11:001189258555965
12:001360364066686
13:001541268767439
14:001729875038212
15:001926981098997
WHAT THE NUMBERS SAY

Standard Suicide front play wins a bit over half its games while taking the heaviest own losses of any role by 15:00.

  • + Produces 20142 metal by 15:00, highest of the front roles.
  • + First kill by 2:01 in all games, fastest contest of middle.
  • − Own metal lost hits 9178 by 15:00, more than enemy metal destroyed.
  • − Only 34% Rocketeer share shows army spread thin across many bot types.
THE EXAMPLE YOU ARE READING

Ihatesea

30.3 OS · 07/10/2026

Open source match ↗

5 received units · includes a constructor
245 metal received · 31443 energy received

Allied construction assistance is unknown. Timings are observations, not a promise of solo reproducibility.

Typical milestones

Bot Lab0:21Middle 50%: 0:20–0:33 · n=2373
Advanced Metal Extractor9:46Middle 50%: 8:50–10:58 · n=1721

Played most by

_X_262games of this buildPlatinumBlonde188games of this buildXad166games of this buildTrapCaT107games of this buildImmort80games of this build